 Dungeon Crawl Stone Soup version 0.21-a0-200-gb89f83b (webtiles) character file.

19770 namelastname112 the Destroyer (level 12, -27/100 HPs)
             Began as a Red Draconian Conjurer on Aug 16, 2017.
             Was an Elder of Vehumet.
             Killed from afar by a wizard (40 damage)
             ... with a crystal spear
             ... on level 13 of the Dungeon.
             The game lasted 00:35:14 (17594 turns).

namelastname112 the Destroyer (DrCj)               Turns: 17594, Time: 00:35:15

Health: -27/100    AC: 14    Str: 11    XL:     12   Next: 39%
Magic:  14/24      EV: 15    Int: 25    God:    Vehumet [****..]
Gold:   733        SH:  0    Dex: 12    Spells: 12/27 levels left

rFire    + + +     SeeInvis .   f - staff of fire
rCold    . . .     Gourm    +   (no shield)
rNeg     . . .     Faith    .   (armour unavailable)
rPois    +         Spirit   .   (helmet restricted)
rElec    .         Reflect  .   s - +0 cloak
rCorr    .         Harm     .   (no gloves)
MR       .....                  C - +0 pair of boots {Fly}
Stlth    ++........             A - amulet of the gourmand
HPRegen  0.26/turn              y - +3 ring of intelligence
MPRegen  0.19/turn              q - +3 ring of protection

@: flying, very slightly contaminated
A: breathe fire, unfitting armour, claws 1, clever 1, fire resistance 3, poison
resistance, shaggy fur 1, cold-blooded, MP-powered wands, AC +8
a: Breathe Fire, Renounce Religion, Stop Flying


You were on level 13 of the Dungeon.
You worshipped Vehumet.
Vehumet was greatly pleased with you.
You were very full.

You visited 2 branches of the dungeon, and saw 14 of its levels.
You also visited: Labyrinth.

You collected 733 gold pieces.

Inventory:

Hand Weapons
 w - a +3 scimitar of flaming
 G - a +1 dagger of chaos
Armour
 n - a +2 buckler
 s - a +0 cloak (worn)
 C - a +0 pair of boots of flying (worn)
Magical Staves
 f - an uncursed staff of fire (weapon)
Jewellery
 q - a +3 ring of protection (right claw)
 y - a +3 ring of intelligence (left claw)
 A - an amulet of the gourmand (around neck)
 K - an uncursed ring of fire
Wands
 g - a wand of polymorph (23/24)
 F - a wand of iceblast (5/15)
 H - a wand of polymorph (18/24)
 M - a wand of lightning (9/15)
Scrolls
 c - 12 scrolls of identify
 d - a scroll of fog
 m - a scroll of enchant weapon
 p - a scroll of recharging
 r - 2 scrolls of remove curse
 t - 3 scrolls of teleportation
Potions
 e - 3 potions of flight
 k - 2 potions of haste
 l - 3 potions of agility
 o - a potion of magic
 x - a potion of invisibility
 J - a potion of resistance {unknown}
 N - a potion of cancellation {unknown}
 O - a potion of lignification {unknown}
Books
 a - a book of Conjurations

   Spells                             Type                      Level
   a - Magic Dart                     Conjuration                  1
   b - Searing Ray                    Conjuration                  2
   c - Dazzling Spray                 Conjuration/Hexes            3
   d - Fulminant Prism                Conjuration/Hexes            4
   e - Force Lance                    Conjuration/Translocation    4
   f - Iskenderun's Mystic Blast      Conjuration                  4
 j - Sif Muna's Tome of Translocation
   (You found it on level 11 of the Dungeon)

   Spells                             Type                      Level
   a - Apportation                    Translocation                1
 D - a book of Air

   Spells                             Type                      Level
   a - Shock                          Conjuration/Air              1
   b - Swiftness                      Charms/Air                   2
   c - Static Discharge               Conjuration/Air              3
   d - Airstrike                      Air                          4
   e - Lightning Bolt                 Conjuration/Air              5
 E - the Disquisition on Harmful Feathers
   (You acquired it on level 8 of the Dungeon)

   Spells                             Type                      Level
   a - Flame Tongue                   Conjuration/Fire             1
   b - Shock                          Conjuration/Air              1
   c - Throw Flame                    Conjuration/Fire             2
   d - Conjure Flame                  Conjuration/Fire             3
   e - Mephitic Cloud                 Conjuration/Poison/Air       3
   f - Bolt of Cold                   Conjuration/Ice              6
 I - a book of Debilitation

   Spells                             Type                      Level
   a - Corona                         Hexes                        1
   b - Slow                           Hexes                        2
   c - Inner Flame                    Hexes/Fire                   3
   d - Portal Projectile              Hexes/Translocation          3
   e - Cause Fear                     Hexes                        4
   f - Leda's Liquefaction            Hexes/Earth                  4
 L - a book of Alchemy

   Spells                             Type                      Level
   a - Sublimation of Blood           Necromancy                   2
   b - Ignite Poison                  Fire/Transmutation/Poison    3
   c - Petrify                        Transmutation/Earth          4
   d - Alistair's Intoxication        Transmutation/Poison         5
   e - Irradiate                      Conjuration/Transmutation    5
 P - a book of the Earth

   Spells                             Type                      Level
   a - Leda's Liquefaction            Hexes/Earth                  4
   b - Bolt of Magma                  Conjuration/Fire/Earth       5
   c - Statue Form                    Transmutation/Earth          6
   d - Iron Shot                      Conjuration/Earth            6
   e - Shatter                        Earth                        9
Comestibles
 b - 10 bread rations
 h - 6 royal jellies
 z - 4 fruits
 B - 3 meat rations


   Skills:
 - Level 7.5 Fighting
 + Level 4.9 Staves
 - Level 6.4 Dodging
 - Level 1.7 Stealth
 + Level 8.2 Spellcasting
 + Level 11.7 Conjurations
 * Level 9.5 Fire Magic
 + Level 7.1 Evocations


You had 12 spell levels left.
You knew the following spells:

 Your Spells              Type           Power        Failure   Level  Hunger
a - Conjure Flame         Conj/Fire      #######.     1%          3    None
c - Iskenderun's Mystic   Conj           ######..     1%          4    ##.....
s - Lightning Bolt        Conj/Air       #####.....   4%          5    ####...
x - Searing Ray           Conj           ######       1%          2    None
z - Magic Dart            Conj           ####         1%          1    None


Dungeon Overview and Level Annotations

Branches:
Dungeon (13/15)            Temple (1/1) D:4            Lair (0/6) D:10
    Orc (0/2) D:12
 Vaults: D:13-14

Altars:
Ashenzari
Cheibriados
Dithmenos
Elyvilon
Fedhas
Gozag
Hepliaklqana
Kikubaaqudgha
Makhleb
Nemelex Xobeh
Okawaru
Qazlal
Ru
Sif Muna
Trog
Uskayaw
Vehumet
Wu Jian
Xom
Yredelemnul
Zin
The Shining One

Shops:
D:11 }


Innate Abilities, Weirdness & Mutations

You can breathe blasts of fire.
Your fiery red scales are hard. (AC +8)
You cannot fit into any form of body armour.
Your flesh is almost immune to the effects of heat. (rF+++)
You are cold-blooded and may be slowed by cold attacks.
You have sharp fingernails.
Your mind is acute. (Int +2)
Your system is resistant to poisons. (rPois)
You are covered in fur. (AC +1)
You expend magic power (3 MP) to strengthen your wands.


Message History

You take 5 damage, and have 38/100 hp.
The death knight shouts!
The death knight mumbles some strange prayers to Yredelemnul against you.
Your body is wracked with pain!
* * * LOW HITPOINT WARNING * * *
You take 19 damage, and have 22/100 hp.
The death knight hits you with a battleaxe!!
* * * LOW HITPOINT WARNING * * *
The worker ant twitches its antennae in your direction.
You take 19 damage, and have 3/100 hp.
Blink to where?
Press: ? - help, Dir - move target cursor You are very lightly contaminated with residual magic.
As you read the scroll of blinking, it crumbles to dust.
A wizard comes into view. It is wielding a dagger.
The wizard shouts!
You hear a shout!
You hear a roar!
You feel better.
The wizard points at you and mumbles some strange words.
The crystal spear hits you!
You die...

#.. #. .. #.. ##.. .. #..
#.###...## ##. #.. ##.##...#..
... #.. .O.....##.## #.#+# ###
#....#....# #.#.# #.
##...##.#..#####.#.##########.
##...#..>....p@a....pO..Y......
##...#....#..#####.#.###########
##...##((#.#........#...
#..(...(((...)..#########
...##.#..#.......# #######
..###..Y.#......... .......
..#####)##.#?#..#### .......
#.....#)##.#.#..# #######
##....#.##^#.# ... #..Y...


You could see a death knight, a two-headed ogre, a wizard and a worker ant.

Vanquished Creatures
  A minotaur (Lab)
  A yaktaur captain (D:12)
  2 centaur warriors
  Erica (D:8)
  A two-headed ogre (D:11)
  An unseen horror (D:12)
  Pikel (D:8)
  A deep elf mage (D:11)
  An ugly thing (D:12)
  A manticore (D:12)
  Psyche (D:9)
  A gargoyle (D:10)
  A centaur skeleton (D:11)
  A kobold demonologist (D:13)
  A troll (D:11)
  A hippogriff (D:9)
  A water elemental (D:12)
  10 spriggans
  A shadow (Lab)
  3 wyverns
  A redback (Lab)
  10 yaks (D:11)
  2 basilisks (Lab)
  Grum (D:8)
  3 hungry ghosts
  A water moccasin (D:6)
  4 orc warriors
  4 sky beasts
  5 ice beasts
  A black bear (D:8)
  A slave (D:8)
  An eye of draining (D:11)
  4 necrophages
  5 phantoms
  4 wolves (D:8)
  2 ogres (D:4)
  12 centaurs
  2 crocodiles
  A big kobold (D:11)
  Blork the orc (D:6)
  6 bullfrogs
  3 scorpions
  9 killer bees (D:7)
  11 wights
  3 electric eels
  6 howler monkeys
  3 crimson imps
  2 jellies
  3 bullfrog skeletons
  11 hounds
  An orc priest (D:3)
  15 orc wizards
  4 iguanas
  Terence (D:2)
  Natasha (thrice) (D:4)
  8 worker ants
  2 hound zombies
  3 hound skeletons
  3 gnolls
  16 adders
  4 shadow imps
  2 adder skeletons
  2 worms (D:4)
  2 dart slugs
  10 leopard geckos
  34 orcs
  A ball python (D:5)
  7 bats
  5 hobgoblins
  6 jackals
  7 kobolds
  4 quokkas
  5 frilled lizards
  8 goblins
  A jackal skeleton (D:7)
  3 leopard gecko skeletons
  4 rats
  A plant (Lab)
316 creatures vanquished.

Vanquished Creatures (others)
  3 slaves (D:8)
  A bullfrog (D:8)
  A quokka (D:10)
  A quokka skeleton (D:8)
6 creatures vanquished.

Grand Total: 322 creatures vanquished

Notes
Turn   | Place    | Note
-------+----------+-------------------------------------------
     0 | D:1      | namelastname112 the Draconian Conjurer began the quest for the Orb.
     0 | D:1      | Reached XP level 1. HP: 14/14 MP: 3/3
   148 | D:1      | Reached XP level 2. HP: 22/22 MP: 3/5
   491 | D:1      | Learned a level 2 spell: Searing Ray
   626 | D:2      | Reached skill level 1 in Fighting
   882 | D:2      | Reached XP level 3. HP: 28/28 MP: 4/6
   998 | D:2      | Noticed Terence
  1011 | D:2      | Killed Terence
  1368 | D:3      | Reached XP level 4. HP: 36/36 MP: 1/8
  2380 | D:3      | Gained mutation: You are dopey. (Int -2) [potion of mutation]
  2380 | D:3      | Gained mutation: Your spells are a little easier to cast, but a little less powerful. [potion of mutation]
  2380 | D:3      | Gained mutation: You are covered in fur. (AC +1) [potion of mutation]
  2380 | D:3      | Gained mutation: You have a pair of small antennae on your head. [potion of mutation]
  2384 | D:3      | Reached XP level 5. HP: 6/41 MP: 1/9
  2391 | D:3      | Reached skill level 5 in Conjurations
  3165 | D:4      | Found a shimmering altar of Xom.
  3165 | D:4      | Found an iron altar of Okawaru.
  3166 | D:4      | Noticed Natasha
  3171 | D:4      | Killed Natasha
  3340 | D:4      | Found a staircase to the Ecumenical Temple.
  3433 | D:4      | Noticed an ogre
  3440 | D:4      | Killed an ogre
  3440 | D:4      | Reached XP level 6. HP: 29/50 MP: 5/11
  4496 | D:4      | Noticed Natasha
  4509 | D:4      | Killed Natasha
  4550 | D:4      | Noticed Natasha
  4566 | D:4      | Killed Natasha
  4566 | D:4      | Reached skill level 6 in Conjurations
  5077 | D:5      | Entered Level 5 of the Dungeon
  5226 | D:5      | Your scales start taking on a fiery red colour.
  5226 | D:5      | Reached XP level 7. HP: 57/57 MP: 9/12
  5226 | D:5      | Gained mutation: Your flesh is heat resistant. (rF+) [Red Draconian growth]
  5348 | Temple   | Entered the Ecumenical Temple
  5626 | D:5      | Found a shadowy altar of Dithmenos.
  5758 | D:5      | Lost mutation: You have a pair of small antennae on your head. [potion of mutation]
  5758 | D:5      | Lost mutation: Your spells are a little easier to cast, but a little less powerful. [potion of mutation]
  5758 | D:5      | Lost mutation: You are dopey. (Int -2) [potion of mutation]
  5758 | D:5      | Gained mutation: You are frail. (-10% HP) [potion of mutation]
  5758 | D:5      | Gained mutation: You expend magic power (3 MP) to strengthen your wands. [potion of mutation]
  5758 | D:5      | Gained mutation: Your flesh is very heat resistant. (rF++) [potion of mutation]
  5758 | D:5      | Gained mutation: Your flesh is almost immune to the effects of heat. (rF+++) [potion of mutation]
  6082 | D:6      | Learned a level 4 spell: Iskenderun's Mystic Blast
  6111 | D:6      | Reached skill level 7 in Conjurations
  6146 | D:5      | Reached XP level 8. HP: 59/59 MP: 2/14
  7070 | D:6      | Reached skill level 5 in Fighting
  7070 | D:6      | Reached skill level 8 in Conjurations
  7074 | D:6      | Gained mutation: You have sharp fingernails. [mutagenic meat]
  7190 | D:6      | Reached skill level 5 in Spellcasting
  7326 | D:6      | Found a hazy altar of Hepliaklqana.
  7351 | D:6      | Noticed Blork the orc
  7356 | D:6      | Killed Blork the orc
  7672 | D:6      | Found a sparkling altar of Nemelex Xobeh.
  7672 | D:6      | Found a shadowy altar of Dithmenos.
  7674 | D:6      | Found a basalt altar of Yredelemnul.
  7677 | D:6      | Found a radiant altar of Vehumet.
  7684 | D:6      | Became a worshipper of Vehumet
  7788 | D:7      | Reached skill level 1 in Evocations
  8080 | D:7      | Reached XP level 9. HP: 47/66 MP: 8/16
  8299 | D:7      | Reached skill level 5 in Dodging
  8390 | D:7      | Found a burning altar of Makhleb.
  8537 | D:7      | Found an ornate altar of the Wu Jian Council.
  8881 | D:7      | Reached skill level 9 in Conjurations
  9272 | D:7      | Reached * piety under Vehumet
  9272 | D:7      | Offered knowledge of Freeze by Vehumet.
  9682 | D:8      | Found an opulent altar of Gozag.
  9682 | D:8      | Noticed Pikel
  9730 | D:8      | Killed Pikel
 10110 | D:8      | Noticed Erica
 10127 | D:8      | Killed Erica
 10127 | D:8      | Reached skill level 10 in Conjurations
 10127 | D:8      | Reached XP level 10. HP: 65/77 MP: 19/19
 10222 | D:8      | Gained mutation: Your mind is acute. (Int +2) [mutagenic meat]
 10223 | D:8      | Lost mutation: You are frail. (-10% HP) [mutagenic meat]
 10224 | D:8      | Gained mutation: Your system is resistant to poisons. (rPois) [mutagenic meat]
 10254 | D:8      | Noticed Grum
 10263 | D:8      | Killed Grum
 10454 | D:8      | Found a stormy altar of Qazlal.
 10496 | D:8      | Found a white marble altar of Elyvilon.
 10590 | D:8      | Identified 3 scrolls of acquirement
 10597 | D:8      | Identified the Disquisition on Harmful Feathers (You acquired it on level 8 of the Dungeon)
 10610 | D:8      | Learned a level 3 spell: Conjure Flame
 10621 | D:9      | Found a deep blue altar of Sif Muna.
 10633 | D:9      | Noticed Psyche
 10640 | D:9      | Killed Psyche
 10640 | D:9      | Reached skill level 1 in Fire Magic
 11019 | D:9      | Offered knowledge of Sandblast by Vehumet.
 11053 | D:9      | Reached ** piety under Vehumet
 11256 | D:9      | Found a burning altar of Makhleb.
 11335 | D:10     | Entered Level 10 of the Dungeon
 11352 | D:10     | Noticed a gargoyle
 11356 | D:10     | Killed a gargoyle
 11437 | D:10     | Found a white marble altar of Elyvilon.
 11462 | D:10     | Found a staircase to the Lair.
 11980 | D:10     | Reached skill level 1 in Staves
 12463 | D:11     | Reached skill level 5 in Evocations
 12476 | D:11     | Found Velykhlu's Gadget Shoppe.
 12663 | D:11     | Reached XP level 11. HP: 62/91 MP: 14/21
 12677 | D:11     | Noticed a deep elf mage
 12679 | D:11     | Killed a deep elf mage
 12679 | D:11     | Offered knowledge of Static Discharge by Vehumet.
 12679 | D:11     | Reached skill level 5 in Fire Magic
 12922 | D:11     | Reached *** piety under Vehumet
 13114 | D:11     | Found a deep blue altar of Sif Muna.
 13257 | D:11     | Identified Sif Muna's Tome of Translocation
 13468 | D:12     | Noticed a purple ugly thing
 13496 | D:12     | Noticed a deep elf mage
 13532 | D:12     | Killed a purple ugly thing
 13550 | D:12     | Reached skill level 11 in Conjurations
 13622 | D:12     | Found a labyrinth entrance.
 13623 | D:12     | Noticed a death knight
 13629 | Lab      | Entered a labyrinth
 14738 | Lab      | Noticed a minotaur
 14744 | Lab      | Killed a minotaur
 15225 | D:11     | Offered knowledge of Olgreb's Toxic Radiance by Vehumet.
 16056 | D:11     | Reached **** piety under Vehumet
 16224 | D:11     | Noticed a two-headed ogre
 16233 | D:11     | Killed a two-headed ogre
 16233 | D:11     | Reached XP level 12. HP: 76/99 MP: 9/23
 16459 | D:12     | Noticed a fire dragon
 16469 | D:12     | Noticed a centaur warrior
 16848 | D:12     | Learned a level 5 spell: Lightning Bolt
 16870 | D:12     | Killed a centaur warrior
 16881 | D:12     | Noticed a yaktaur captain
 16893 | D:12     | Killed a yaktaur captain
 17366 | D:13     | Noticed a death knight
 17384 | D:13     | Noticed a two-headed ogre
 17430 | D:13     | Noticed a centaur warrior
 17436 | D:13     | Killed a centaur warrior
 17450 | D:13     | Offered knowledge of Lee's Rapid Deconstruction by Vehumet.
 17456 | D:13     | HP: 2/99 [centaur/arrow (10)]
 17592 | D:13     | HP: 3/100 [death knight/battleaxe (19)]
 17594 | D:13     | Killed from afar by a wizard

Vault maps used:
D:1:      matt_arrival_spirals
D:2:      uniq_terence
D:3:      serial_curves, eino_curves_03, eino_curves_01, minmay_box_of_dots
D:4:      grunt_temple_overflow_open, temple_green, uniq_natasha
D:5:      first_bread, grunt_dithmenos_shadows
D:6:      kennysheep_mini_moat, minitemple, uniq_blork_the_orc
D:7:      overflow_temple_1_default, basic_altar, the_bakery, grunt_ministairs_2
D:8:      lemuel_round_altar, nicolae_qazlal_style_of_elements,
          nicolae_gozag_cash_rules_everything_around_me, minivault_4,
          nicolae_underground_beach, uniq_grum, uniq_erica, uniq_pikel
D:9:      makhleb_blood_cavern_becter, basic_altar, uniq_psyche
D:10:     lair_entry_dummy, elyvilon_altar_4
D:11:     kb_forest_paths, serial_shops, shop, led_sif_book
D:12:     minmay_shrinking_squares, orc_0_dummy, lab_entry_generic, basic_altar
D:13:     minmay_triangles_in_corner, enter_bailey_8, minmay_door_square
Temple:   zaba_magenta_temple
Lab:      labyrinth_green, nicolae_lab_arrow, nicolae_lab_garden

Skill      XL: |  1  2  3  4  5  6  7  8  9 10 11 12 |
---------------+-------------------------------------+-----
Fighting       | 1 2 3 4 5 7 |  7.5
Dodging        | 2 3 4 5 6 |  6.4
Spellcasting   | 3 4 5 6 7 8 |  8.2
Conjurations   | 5 6 7 8 10 11 | 11.7
Evocations     | 1 3 5 6 7 |  7.1
Fire Magic     | 4 8 9 |  9.5
Staves         | 1 4 |  4.9
Stealth        | |  1.7

Action                   |  1- 3 |  4- 6 |  7- 9 | 10-12 || total
-------------------------+-------+-------+-------+-------++-------
Melee: Dagger            |    35 |   101 |   191 |    37 ||   364
       Unarmed           |     5 |    18 |       |       ||    23
       Tailslap          |     5 |     6 |    25 |    41 ||    77
       Whip              |       |       |     6 |       ||     6
       Staff             |       |       |       |   220 ||   220
       Scimitar          |       |       |       |    18 ||    18
 Cast: Magic Dart        |    48 |   148 |   313 |   372 ||   881
       Searing Ray       |     1 |     4 |    15 |    32 ||    52
       Iskenderun's Myst |       |       |     2 |    64 ||    66
       Conjure Flame     |       |       |       |    19 ||    19
 Abil: Breathe Fire      |       |       |    11 |    18 ||    29
  Use: Potion            |       |     3 |     3 |     3 ||     9
       Scroll            |       |     9 |       |    16 ||    25
 Stab: Sleeping          |     1 |     1 |       |     2 ||     4
       Distracted        |       |     1 |     1 |       ||     2
  Eat: Chunk             |     2 |    13 |    12 |    49 ||    76
       Meat ration       |       |       |     1 |       ||     1
       Royal jelly       |       |       |     1 |       ||     1
Armor: Skin              |    10 |    46 |   149 |   191 ||   396
Dodge: Dodged            |    35 |   138 |   264 |   381 ||   818
       Rpst.: Scimitar   |       |       |       |     8 ||     8
